 Dungeon Crawl Stone Soup version 0.26-a0-520-g952f204493 (webtiles) character file.

Game seed: 11539437447348614747

28 MrRokkomies the Stinger (level 2, 0/20 HPs)
             Began as a Demigod Venom Mage on Aug 12, 2020.
             Slain by a goblin (6 damage)
             ... led by Robin
             ... on level 2 of the Dungeon.
             The game lasted 00:03:35 (1249 turns).

MrRokkomies the Stinger (Demigod Venom Mage)        Turns: 1249, Time: 00:03:37

Health: 0/20       AC:  4    Str: 11    XL:     2   Next: 75%
Magic:  7/7        EV: 13    Int: 19    God:
Gold:   70         SH:  0    Dex: 16    Spells: 4/5 levels left

rFire    . . .     SeeInvis .   h - +0 quarterstaff
rCold    . . .     Faith    .   (shield currently unavailable)
rNeg     + . .     Spirit   .   a - +0 robe
rPois    .         Reflect  .   (no helmet)
rElec    .         Harm     .   (no cloak)
rCorr    .                      d - +1 pair of gloves
MR       .....                  (no boots)
Stlth    ++........             (no amulet)
HPRegen  0.06/turn              e - ring of positive energy
MPRegen  0.10/turn              (no ring)

@: no status effects
A: high mp 1
a: no special abilities


You were on level 2 of the Dungeon.
You visited 1 branch of the dungeon, and saw 2 of its levels.

You collected 70 gold pieces.

Inventory:

Hand Weapons
 f - a +0 short sword
 h - a +0 quarterstaff (weapon)
Missiles
 g - 13 poisoned darts (quivered)
Armour
 a - a +0 robe (worn)
 d - a +1 pair of gloves (worn)
Jewellery
 e - a ring of positive energy (left hand)
Potions
 b - 2 potions of haste {unknown}
 c - a potion of curing {unknown}


   Skills:
 * Level 2.3 Dodging
 - Level 1.7 Stealth
 + Level 2.0 Spellcasting
 + Level 1.2 Transmutations
 * Level 3.1 Poison Magic


You had 4 spell levels left.
You knew the following spells:

 Your Spells              Type           Power        Failure   Level
a - Sting                 Tmut/Pois      ##..         7%          1

Your spell library contained the following spells:

 Spells                   Type           Power        Failure   Level
 Poisonous Vapours        Pois/Air       #.....       14%         2
 Ignite Poison            Fire/Tmut/Pois #.......     28%         3
 Mephitic Cloud           Conj/Pois/Air  #.......     32%         3
 Olgreb's Toxic Radiance  Pois           ##......     43%         4


Dungeon Overview and Level Annotations

Branches:
Dungeon (2/15)

Annotations:
D:2 Robin


Innate Abilities, Weirdness & Mutations

You have an increased reservoir of magic. (+10% MP)


Message History

Items here: ( )) †.
Robin throws the goblin at you! The goblin hits you but does no damage.
You hit the goblin.
The goblin is moderately wounded.
The giant cockroach misses you. Robin throws the goblin at you!
The goblin misses you. The giant cockroach closely misses you.
You closely miss the goblin.
The goblin is moderately wounded.
The goblin hits you but does no damage.
The giant cockroach completely misses you.
The goblin misses you. The goblin hits you but does no damage.
The goblin barely misses you.
You hit the goblin but do no damage.
The goblin is moderately wounded.
The giant cockroach barely misses you. The goblin misses you. x2
The giant cockroach bites you but does no damage.
The goblin hits you with a +0 dagger.
* * * LOW HITPOINT WARNING * * *
The goblin hits you.
You die... .#..... ........ ##.#.#.# #...###. #...... ........ ######..#.#### #######. #......g...... ........ #.#gg# #######. #[#gg# #. #ggsg#

# #.
#.#@##.############.
...#g................
###
#(##.########.....
#(# # ##.#.#### #(#
#........
#.#.#########.#.####
#...................
###+######..######..
#.......'..


You could see Robin, a giant cockroach, 2 hobgoblins and 6 goblins.

Vanquished Creatures
  5 goblins
  4 hobgoblins
  7 kobolds
  4 bats
  7 rats (D:1)
27 creatures vanquished.

Notes
Turn   | Place    | Note
-------+----------+-------------------------------------------
     0 | D:1      | MrRokkomies the Demigod Venom Mage began the quest for the
                  | Orb.
     0 | D:1      | Reached XP level 1. HP: 14/14 MP: 5/5
   103 | D:1      | Reached skill level 1 in Transmutations
   227 | D:1      | Reached XP level 2. HP: 20/20 MP: 7/7
   295 | D:1      | Reached skill level 3 in Poison Magic
  1057 | D:2      | Found an ornate altar of the Wu Jian Council.
  1235 | D:2      | Noticed Robin
  1249 | D:2      | Slain by a goblin

Illustrated notes

Levels and vault maps discovered:
D:1:      sevenhm_arrival_forest_fort_large_4, layout_rooms
D:2:      layout_basic, overflow_temple_1_default, uniq_robin,
          uniq_crazy_yiuf_cottage

Skill      XL: |  1  2 |
---------------+-------+-----
Dodging        | 2 |  2.3
Transmutations | 1 |  1.2
Poison Magic   | 3 |  3.1
Spellcasting   | 2 |  2.0
Stealth        | |  1.7

Action                   || total
-------------------------++-------
Melee: Unarmed           ||     6
       Dagger            ||     6
       Short sword       ||    27
       Quarterstaff      ||    12
 Cast: Sting             ||    17
  Use: Scroll            ||     3
 Stab: Sleeping          ||     3
Armor: Robe              ||    24
Dodge: Dodged            ||    63

Table legend: (Time is in decaauts)
 A = Elapsed time spent in this place.
 B = Non-inter-level travel time spent in this place.
 C = Inter-level travel time spent in this place.
 D = Time resting spent in this place.
 E = Time spent auto-exploring this place.
 F = Levels seen in this place.
 G = Mean time per level.
                   A        B        C        D        E       F      G
               +--------+--------+--------+--------+--------+-----+--------+
         Total |   1252 |   1222 |     30 |      3 |   1023 |   2 |  626.0 |
       Dungeon |   1252 |   1222 |     30 |      3 |   1023 |   2 |  626.0 |
               +--------+--------+--------+--------+--------+-----+--------+

Top non-repeatable levels by time:
     D:1: 939 daAuts
     D:2: 313 daAuts
